 Dungeon Crawl Stone Soup version 0.18.1-48-g4cf74bf (webtiles) character file.

109 Heedrag the Magician (level 4, 0/24 HPs)
             Began as a Deep Elf Conjurer on July 23, 2016.
             Slain by an adder (3 damage)
             ... on level 3 of the Dungeon.
             The game lasted 00:04:23 (1646 turns).

Heedrag the Magician (Deep Elf Conjurer)            Turns: 1646, Time: 00:04:23

Health: 0/24       AC:  2    Str:  6    XL:     4   Next: 59%
Magic:  0/14       EV: 12    Int: 20    God:
Gold:   91         SH:  0    Dex: 15    Spells: 2 memorised, 12 levels left

rFire  + . .     SeeInvis .     e - +0 dagger
rCold  . . .     Gourm    .     a - +0 robe
rNeg   . . .     Faith    .     (no shield)
rPois  .         Spirit   .     (no helmet)
rElec  .         Dismiss  .     (no cloak)
rCorr  .         Reflect  .     (no gloves)
SustAt .         Harm     .     (no boots)
MR     .....                    (no amulet)
Stlth  ++........               (no ring)
                                x - ring of protection from fire

@: lethally poisoned (0 -> -5), very slightly contaminated, drained, not
resistant to hostile enchantments, unstealthy
A: no striking features
a: no special abilities


You were on level 3 of the Dungeon.
You were not hungry.

You visited 1 branch of the dungeon, and saw 3 of its levels.

You collected 91 gold pieces.

Inventory:

Hand Weapons
 e - a +0 dagger (weapon)
Armour
 a - a +0 robe (worn)
 r - a +0 helmet
Jewellery
 p - an uncursed amulet of harm
 x - a ring of protection from fire (left hand)
Wands
 m - a wand of polymorph (10/24)
 t - a wand of polymorph (16/24)
Scrolls
 d - 2 scrolls of remove curse {unknown}
 g - 3 scrolls of identify {unknown}
 i - 2 scrolls of immolation {unknown}
 j - a scroll of random uselessness {unknown}
 k - a scroll of enchant weapon {unknown}
 n - 2 scrolls of teleportation {unknown}
 q - a scroll of recharging {unknown}
 v - a scroll of noise {unknown}
Potions
 f - a potion of curing
 l - a potion of brilliance {unknown}
 o - a potion of cancellation {unknown}
 s - a potion of mutation {unknown}
 w - a potion of heal wounds {unknown}
Books
 b - a book of Conjurations

   Spells                             Type                      Level
   a - Magic Dart                     Conjuration                  1
   b - Searing Ray                    Conjuration                  2
   c - Dazzling Spray                 Conjuration/Hexes            3
   d - Fulminant Prism                Conjuration/Hexes            4
   e - Iskenderun's Mystic Blast      Conjuration                  4
   f - Iskenderun's Battlesphere      Conjuration/Charms           5
Comestibles
 c - 2 bread rations
 h - a meat ration


   Skills:
 - Level 2.4(1.6) Dodging
 - Level 2.4(1.6) Stealth
 * Level 6.6(5.7) Spellcasting
 - Level 4.3(3.5) Conjurations


You had 12 spell levels left.
You knew the following spells:

 Your Spells              Type           Power        Failure   Level  Hunger
a - Magic Dart            Conj           ###.         2%          1    None
b - Dazzling Spray        Conj/Hex       ##....       17%         3    ##.....


Dungeon Overview and Level Annotations

Branches:
Dungeon (3/15)

Altars:
Nemelex Xobeh
Qazlal

Portals:
Sewer: D:3


Message History

Confirm wit' . or Enter, or press ? or * ta list all spells.
Aimin': Magic Dart
Press: ? - help, Shift-Dir - straight line, f/p - adder
Aim: an adder (almost dead) Tha magic dart hits tha adder.
Ye kill tha adder!
* * * LOW HITPOINT WARNIN'
* * * Ye feel sick.
Castin': Magic Dart Confirm wit' . or Enter, or press ? or * ta list all spells.
Ye dinnae haf enough magic ta cast tha spell.
Unknown command.
Drink which item? (? fer menu, 'sc ta quit) Ye feel better.
Tha adder barely misses ye.
Tha adder bites ye.
Ye be poison'd.
Tha adder poisons ye!
Ye closely miss tha adder.
Ye feel sick.
Tha adder bites ye.
* * * LOW HITPOINT WARNIN'
* * * Ye hit tha adder but do nay damage.
Tha adder bites ye.
Ye die...

#. #. #. #. ## #. #. .#
####)####. .##
###......... ####..
..>......... .####..<.
....)...#### ........#
####..##.## #######@#
##.......[.#
#≈≈≈≈≈#S###...#..##..#
#≈≈∩≈≈'..#.......##..###
#≈≈≈†≈#..........##.....
#######..#......##.....#
........###...#.##.###.#
######### ##.##....# ..
#.#####.# .# #.# #...


You could see an adder.

Vanquished Creatures
  Ijyb (D:2)
  3 adders
  An ooze (D:1)
  3 worms
  A dart slug (D:2)
  2 giant geckos (D:1)
  An orc (D:3)
  2 giant cockroaches
  5 goblins
  4 hobgoblins
  A quokka (D:2)
  A ball python (D:1)
  2 bats
  3 giant newts
  6 kobolds
  6 rats
42 creatures vanquished.

Notes
Turn   | Place    | Note
--------------------------------------------------------------
     0 | D:1      | Heedrag the Deep Elf Conjurer began the quest for the Orb.
     0 | D:1      | Reached XP level 1. HP: 10/10 MP: 6/6
   123 | D:1      | Reached XP level 2. HP: 15/15 MP: 5/8
   129 | D:1      | Reached skill level 4 in Spellcasting
   788 | D:2      | Reached XP level 3. HP: 19/19 MP: 4/11
   793 | D:2      | Learned a level 3 spell: Dazzling Spray
   858 | D:2      | Noticed Ijyb
   867 | D:2      | Killed Ijyb
   867 | D:2      | Reached skill level 5 in Spellcasting
   956 | D:2      | Found a stormy altar of Qazlal.
  1183 | D:2      | Reached XP level 4. HP: 22/24 MP: 8/13
  1232 | D:2      | Reached skill level 6 in Spellcasting
  1288 | D:2      | Found a sparkling altar of Nemelex Xobeh.
  1624 | D:3      | Found a glowing drain.
  1646 | D:3      | Slain by an adder

Skill      XL: |  1  2  3  4 |
---------------+-------------+-----
Spellcasting   | 4 5 6 |  6.6
Dodging        | |  2.4
Stealth        | |  2.4
Conjurations   | |  4.3

Action                   |  1- 3 |  4- 6 || total
-------------------------+-------+-------++-------
Melee: Unarmed           |     1 |       ||     1
       Dagger            |       |     2 ||     2
 Cast: Magic Dart        |    72 |    31 ||   103
       Dazzling Spray    |     1 |     1 ||     2
  Use: Potion            |       |     2 ||     2
  Eat: Chunk             |     1 |     1 ||     2
Armor: Robe              |     1 |     2 ||     3
Dodge: Dodged            |     4 |    13 ||    17
